TOP OF THE 1ST |
Iowa State Cyclones batting - Pitching for Duke Blue Devils : RHP Tommy Rodríguez
|
Pitching: RHP Tommy Rodríguez
|
|
Batting: LHB Andrew Chambers
|
0-0: Ball 1-0: Foul Ball, location: 2F 1-1: Ball 2-1: Ball 3-1: Called Strike 3-2: Ground out 1-3 (Groundball, 13S)
|
Batting: LHB Marty Gómez
|
0-0: Called Strike 0-1: Ball 1-1: Ball 2-1: Fly out, F7 (Line Drive, 7)
|
Batting: RHB Danny Gilbert
|
0-0: Ball 1-0: Foul Ball, location: 2F 1-1: Ball 2-1: SOLO HOME RUN (Flyball, 78XD), Distance : 370 ft
|
Batting: LHB Alberto Paz
|
0-0: Ball 1-0: Called Strike 1-1: Called Strike 1-2: SINGLE (Line Drive, 56)
|
Batting: RHB Wesley Wood
|
0-0: Foul Ball, location: 2F 0-1: Ball 1-1: SINGLE (Line Drive, 78S) Alberto Paz to second
|
Batting: LHB Dale González
|
0-0: Ball 1-0: Ball 2-0: Ball 3-0: Base on Balls Alberto Paz to third Wesley Wood to second
|
Batting: LHB Chris Samuels
|
0-0: Called Strike 0-1: Called Strike 0-2: Ball 1-2: Ground out U3 (Groundball, 34)
|
Top of the 1st over - 1 run, 3 hits, 0 errors, 3 left on base; Iowa State 1 - Duke 0 |
BOTTOM OF THE 1ST |
Duke Blue Devils batting - Pitching for Iowa State Cyclones : LHP Juan Chacón
|
Pitching: LHP Juan Chacón
|
|
Batting: RHB Curt Eastham
|
0-0: Ball 1-0: Ball 2-0: Foul Ball, location: 2F 2-1: Foul Ball, location: 2F 2-2: Ground out 4-3 (Groundball, 4)
|
Batting: SHB Luis Romero
|
0-0: Ball 1-0: Ball 2-0: Ball 3-0: Called Strike 3-1: Called Strike 3-2: SINGLE (Line Drive, 6D)
|
Batting: RHB Clint Durham
|
0-0: Ball 1-0: Called Strike 1-1: Ball 2-1: Called Strike 2-2: Strikes out looking
|
Batting: RHB Bob Ferguson
|
0-0: Called Strike 0-1: Called Strike 0-2: Foul Ball, location: 2F 0-2: Foul Ball, location: 2F 0-2: Ball 1-2: Ball 2-2: Ball 3-2: Fly out, F9 (Line Drive, 9)
|
Bottom of the 1st over - 0 runs, 1 hit, 0 errors, 1 left on base; Iowa State 1 - Duke 0 |
TOP OF THE 2ND |
Iowa State Cyclones batting - Pitching for Duke Blue Devils : RHP Tommy Rodríguez
|
Batting: RHB Jimmy Stokes
|
0-0: Bunt missed! 0-1: Called Strike 0-2: Strikes out swinging
|
Batting: RHB Ollie Johnson
|
0-0: Ball 1-0: Called Strike 1-1: Ball 2-1: Called Strike 2-2: Fly out, F5 (Line Drive, 56)
|
Batting: LHB Andrew Chambers
|
0-0: Swinging Strike 0-1: Swinging Strike 0-2: Foul Ball, location: 2F 0-2: Ball 1-2: Strikes out swinging
|
Top of the 2nd over - 0 runs, 0 hits, 0 errors, 0 left on base; Iowa State 1 - Duke 0 |
BOTTOM OF THE 2ND |
Duke Blue Devils batting - Pitching for Iowa State Cyclones : LHP Juan Chacón
|
Batting: RHB Deron McClendon
|
0-0: Called Strike 0-1: Ball 1-1: Called Strike 1-2: Ball 2-2: Ball 3-2: Foul Ball, location: 2F 3-2: Foul Ball, location: 2F 3-2: Base on Balls
|
Batting: SHB Álex Vega
|
0-0: Ball 1-0: SINGLE (Line Drive, 9LS) Deron McClendon to second
|
Batting: RHB Marvin Bruce
|
0-0: Called Strike 0-1: Foul Ball, location: 2F 0-2: Foul Ball, location: 2F 0-2: Ball 1-2: Ball 2-2: DOUBLE (Line Drive, 7LM) Deron McClendon scores Álex Vega to third
|
Batting: RHB Jackson Walker
|
0-0: Foul Ball, location: 2F 0-1: Ball 1-1: Swinging Strike 1-2: Fly out, F8 (Flyball, 89M) Runner from 3rd tags up, SCORES, throw made
|
Batting: RHB Tommy Reid
|
0-0: Ball 1-0: Ball 2-0: Ball 3-0: Called Strike 3-1: Called Strike 3-2: Base on Balls
|
Batting: RHB Curt Eastham
|
0-0: Ball 1-0: Foul Ball, location: 2F 1-1: Foul Ball, location: 2F 1-2: SINGLE (Flyball, 9S) Marvin Bruce to third Tommy Reid to second
|
Batting: SHB Luis Romero
|
0-0: Foul Ball, location: 2F 0-1: Foul Ball, location: 2F 0-2: Ball 1-2: Foul Ball, location: 2F 1-2: Ball 2-2: Foul Ball, location: 2F 2-2: Foul Ball, location: 2F 2-2: Grounds into double play, 6-4-3 (Groundball, 6MD)
|
Bottom of the 2nd over - 2 runs, 3 hits, 0 errors, 2 left on base; Iowa State 1 - Duke 2 |
TOP OF THE 3RD |
Iowa State Cyclones batting - Pitching for Duke Blue Devils : RHP Tommy Rodríguez
|
Batting: LHB Marty Gómez
|
0-0: Called Strike 0-1: SINGLE (Flyball, 9S)
|
Batting: RHB Danny Gilbert
|
0-0: Called Strike 0-1: DOUBLE (Line Drive, 89D) Marty Gómez to third Runner from 3rd tries for Home, SAFE, throw made at trailing runner, OUT at third!
|
Batting: LHB Alberto Paz
|
0-0: Called Strike 0-1: Swinging Strike 0-2: Ball 1-2: Foul Ball, location: 2F 1-2: Ball 2-2: SINGLE (Groundball, 4MD)
|
Batting: RHB Wesley Wood
|
0-0: Called Strike 0-1: Ball 1-1: Ball 2-1: Ball 3-1: Called Strike 3-2: Base on Balls Alberto Paz to second
|
Batting: LHB Dale González
|
0-0: Foul Ball, location: 2F 0-1: Ball 1-1: Foul Ball, location: 2F 1-2: SINGLE (Groundball, 56D) Alberto Paz to third Wesley Wood to second Runner from 3rd tries for Home, SAFE, no throw
|
Batting: LHB Chris Samuels
|
0-0: Called Strike 0-1: Fly out, F7 (Flyball, 78S)
|
Batting: RHB Jimmy Stokes
|
0-0: Ball 1-0: Foul Ball, location: 2F 1-1: Called Strike 1-2: Foul Ball, location: 2F 1-2: Ball 2-2: DOUBLE (Line Drive, 78D) Wesley Wood scores Dale González to third Runner from 3rd tries for Home, SAFE, no throw
|
Batting: RHB Ollie Johnson
|
0-0: Called Strike 0-1: Ball 1-1: Ground out 5-3 (Groundball, 56)
|
Top of the 3rd over - 4 runs, 5 hits, 0 errors, 1 left on base; Iowa State 5 - Duke 2 |
BOTTOM OF THE 3RD |
Duke Blue Devils batting - Pitching for Iowa State Cyclones : LHP Juan Chacón
|
Batting: RHB Clint Durham
|
0-0: Fly out, F3 (Popup, 3SF)
|
Batting: RHB Bob Ferguson
|
0-0: Foul Ball, location: 2F 0-1: Ground out 6-3 (Groundball, 6)
|
Batting: RHB Deron McClendon
|
0-0: Foul Ball, location: 2F 0-1: Reached on error, E2 (Groundball, 2R)
|
Batting: SHB Álex Vega
|
0-0: Ball 1-0: Foul Ball, location: 2F 1-1: Ball 2-1: Fly out, F7 (Flyball, 78S)
|
Bottom of the 3rd over - 0 runs, 0 hits, 1 error, 1 left on base; Iowa State 5 - Duke 2 |
TOP OF THE 4TH |
Iowa State Cyclones batting - Pitching for Duke Blue Devils : RHP Tommy Rodríguez
|
Batting: LHB Andrew Chambers
|
0-0: Ball 1-0: Ball 2-0: Ball 3-0: Called Strike 3-1: Swinging Strike 3-2: Base on Balls
|
Pitching: RHP Nick Cooper
|
|
Batting: LHB Marty Gómez
|
0-0: Ball 1-0: Called Strike 1-1: Called Strike 1-2: Ball 2-2: Strikes out looking
|
Batting: RHB Danny Gilbert
|
0-0: Ball 1-0: Called Strike 1-1: Ball 2-1: Ball 3-1: 2-RUN HOME RUN (Flyball, 9LD), Distance : 336 ft
|
Batting: LHB Alberto Paz
|
0-0: Ball 1-0: Ball 2-0: Foul Ball, location: 2F 2-1: Foul Ball, location: 2F 2-2: Ball 3-2: Base on Balls
|
Batting: RHB Wesley Wood
|
0-0: Foul Ball, location: 2F 0-1: Called Strike 0-2: Ball Alberto Paz is caught stealing 2nd base 1-2: Strikes out swinging
|
Top of the 4th over - 2 runs, 1 hit, 0 errors, 0 left on base; Iowa State 7 - Duke 2 |
BOTTOM OF THE 4TH |
Duke Blue Devils batting - Pitching for Iowa State Cyclones : LHP Juan Chacón
|
Batting: RHB Marvin Bruce
|
0-0: Ball 1-0: Ball 2-0: Ball 3-0: Base on Balls
|
Batting: RHB Jackson Walker
|
0-0: Ball 1-0: Swinging Strike 1-1: Fielders Choice at 2nd, 5-4 (Groundball, 56)
|
Batting: RHB Tommy Reid
|
0-0: Ball 1-0: Swinging Strike 1-1: Foul Ball, location: 2F 1-2: Strikes out swinging
|
Pitching: LHP Bob Wallace
|
|
Batting: RHB Curt Eastham
|
0-0: Ball 1-0: Called Strike Jackson Walker steals 2nd base 1-1: TRIPLE (Line Drive, 8LXD) Jackson Walker scores
|
Batting: SHB Luis Romero
|
0-0: Foul Ball, location: 2F 0-1: Ball 1-1: Swinging Strike 1-2: Ball 2-2: SINGLE (Groundball, 4D) Curt Eastham scores
|
Batting: RHB Clint Durham
|
0-0: SINGLE (Line Drive, 34D) Luis Romero to second
|
Batting: RHB Bob Ferguson
|
0-0: Ball 1-0: Called Strike 1-1: Called Strike 1-2: Strikes out swinging
|
Bottom of the 4th over - 2 runs, 3 hits, 0 errors, 2 left on base; Iowa State 7 - Duke 4 |
TOP OF THE 5TH |
Iowa State Cyclones batting - Pitching for Duke Blue Devils : RHP Nick Cooper
|
Batting: LHB Dale González
|
0-0: Ball 1-0: Ball 2-0: Ball 3-0: Called Strike 3-1: Called Strike 3-2: Fly out, F6 (Line Drive, 6)
|
Batting: LHB Chris Samuels
|
0-0: Ground out U3 (Groundball, 3L)
|
Batting: RHB Jimmy Stokes
|
0-0: Ball 1-0: Swinging Strike 1-1: Ball 2-1: Swinging Strike 2-2: Ball 3-2: Strikes out swinging
|
Top of the 5th over - 0 runs, 0 hits, 0 errors, 0 left on base; Iowa State 7 - Duke 4 |
BOTTOM OF THE 5TH |
Duke Blue Devils batting - Pitching for Iowa State Cyclones : LHP Bob Wallace
|
Batting: RHB Deron McClendon
|
0-0: Ball 1-0: Ball 2-0: Called Strike 2-1: Called Strike 2-2: Strikes out swinging
|
Batting: SHB Álex Vega
|
0-0: Ball 1-0: SINGLE (Flyball, 89M)
|
Batting: RHB Marvin Bruce
|
0-0: Called Strike 0-1: Called Strike 0-2: Ball 1-2: Foul Ball, location: 2F 1-2: Ball 2-2: Foul Ball, location: 2F 2-2: Strikes out swinging
|
Batting: RHB Jackson Walker
|
0-0: Called Strike 0-1: Ball 1-1: Ball 2-1: Ball 3-1: Base on Balls Álex Vega to second
|
Batting: RHB Tommy Reid
|
0-0: Ball 1-0: Ball 2-0: Called Strike 2-1: Foul Ball, location: 2F 2-2: Fielders Choice at 2nd, 6-4 (Groundball, 6)
|
Bottom of the 5th over - 0 runs, 1 hit, 0 errors, 2 left on base; Iowa State 7 - Duke 4 |
TOP OF THE 6TH |
Iowa State Cyclones batting - Pitching for Duke Blue Devils : RHP Nick Cooper
|
Batting: RHB Ollie Johnson
|
0-0: Ball 1-0: Called Strike 1-1: Called Strike 1-2: Foul Ball, location: 2F 1-2: Ball 2-2: Foul Ball, location: 2F 2-2: Ball 3-2: Base on Balls
|
Batting: LHB Andrew Chambers
|
0-0: Called Strike 0-1: Ball 1-1: Foul Ball, location: 2F 1-2: Strikes out swinging
|
Batting: LHB Marty Gómez
|
0-0: Ball 1-0: Ground out 4-3 (Groundball, 34) Ollie Johnson to second
|
Batting: RHB Danny Gilbert
|
0-0: Swinging Strike 0-1: Ball 1-1: Ball 2-1: Ball 3-1: Base on Balls
|
Batting: LHB Alberto Paz
|
0-0: Fly out, F8 (Flyball, 8RS)
|
Top of the 6th over - 0 runs, 0 hits, 0 errors, 2 left on base; Iowa State 7 - Duke 4 |
BOTTOM OF THE 6TH |
Duke Blue Devils batting - Pitching for Iowa State Cyclones : LHP Bob Wallace
|
Batting: RHB Curt Eastham
|
0-0: Ball 1-0: Ball 2-0: Ball 3-0: Called Strike 3-1: Fly out, F9 (Flyball, 89D)
|
Batting: SHB Luis Romero
|
0-0: Ball 1-0: Ball 2-0: Foul Ball, location: 2F 2-1: Foul Ball, location: 2F 2-2: DOUBLE (Flyball, 89D)
|
Batting: RHB Clint Durham
|
0-0: Called Strike 0-1: Ball 1-1: Foul Ball, location: 2F 1-2: Foul Ball, location: 2F 1-2: Strikes out swinging
|
Batting: RHB Bob Ferguson
|
0-0: Called Strike 0-1: Foul Ball, location: 2F 0-2: Ball 1-2: Ball 2-2: Strikes out swinging
|
Bottom of the 6th over - 0 runs, 1 hit, 0 errors, 1 left on base; Iowa State 7 - Duke 4 |
TOP OF THE 7TH |
Iowa State Cyclones batting - Pitching for Duke Blue Devils : RHP Nick Cooper
|
Batting: RHB Wesley Wood
|
0-0: Called Strike 0-1: Swinging Strike 0-2: Ball 1-2: Ball 2-2: Foul Ball, location: 2F 2-2: Ball 3-2: DOUBLE (Line Drive, 9D)
|
Batting: LHB Dale González
|
0-0: Intentional Walk
|
Pitching: LHP Doug Hicks
|
|
Batting: LHB Chris Samuels
|
0-0: Ball 1-0: Fly out, F9 (Flyball, 9)
|
Pitching: LHP Bob Hill
|
|
Batting: RHB Jimmy Stokes
|
0-0: Ball 1-0: Foul Ball, location: 2F 1-1: Ball 2-1: Ball 3-1: Foul Ball, location: 2F 3-2: Base on Balls Wesley Wood to third Dale González to second
|
Pinch Hitting: SHB Royce Griffin
|
0-0: Called Strike 0-1: Ball 1-1: Foul Ball, location: 2F 1-2: Ball 2-2: Strikes out swinging
|
Batting: LHB Andrew Chambers
|
0-0: Ball 1-0: Ball 2-0: Swinging Strike 2-1: SINGLE (Flyball, 7S) Wesley Wood scores Dale González to third Jimmy Stokes to second
|
Batting: LHB Marty Gómez
|
0-0: Ground out 6-3 (Groundball, 6M)
|
Top of the 7th over - 1 run, 2 hits, 0 errors, 3 left on base; Iowa State 8 - Duke 4 |
BOTTOM OF THE 7TH |
Duke Blue Devils batting - Pitching for Iowa State Cyclones : LHP Bob Wallace
|
Now in CF: Oliver Miles
|
|
Batting: RHB Deron McClendon
|
0-0: Ground out 1-3 (Groundball, 13S)
|
Batting: SHB Álex Vega
|
0-0: Called Strike 0-1: Foul Ball, location: 2F 0-2: Fly out, F9 (Flyball, 9LM)
|
Batting: RHB Marvin Bruce
|
0-0: SINGLE (Groundball, 6MD)
|
Batting: RHB Jackson Walker
|
0-0: Fly out, F8 (Flyball, 8LD)
|
Bottom of the 7th over - 0 runs, 1 hit, 0 errors, 1 left on base; Iowa State 8 - Duke 4 |
TOP OF THE 8TH |
Iowa State Cyclones batting - Pitching for Duke Blue Devils : LHP Bob Hill
|
Batting: RHB Danny Gilbert
|
0-0: Swinging Strike 0-1: Swinging Strike 0-2: Ball 1-2: Ball 2-2: Foul Ball, location: 2F 2-2: Ball 3-2: Base on Balls
|
Batting: LHB Alberto Paz
|
0-0: Called Strike 0-1: Ball 1-1: Swinging Strike 1-2: Fly out, F9 (Flyball, 9)
|
Batting: RHB Wesley Wood
|
0-0: Called Strike 0-1: Swinging Strike 0-2: Strikes out swinging
|
Batting: LHB Dale González
|
0-0: Swinging Strike 0-1: Ball 1-1: Called Strike 1-2: Ball 2-2: Foul Ball, location: 2F 2-2: Ball 3-2: Strikes out looking
|
Top of the 8th over - 0 runs, 0 hits, 0 errors, 1 left on base; Iowa State 8 - Duke 4 |
BOTTOM OF THE 8TH |
Duke Blue Devils batting - Pitching for Iowa State Cyclones : LHP Bob Wallace
|
Batting: RHB Tommy Reid
|
0-0: Ball 1-0: Called Strike 1-1: Swinging Strike 1-2: Foul Ball, location: 2F 1-2: Foul Ball, location: 2F 1-2: Strikes out swinging
|
Batting: RHB Curt Eastham
|
0-0: Called Strike 0-1: Swinging Strike 0-2: Fly out, F7 (Flyball, 7LDF)
|
Batting: SHB Luis Romero
|
0-0: Foul Ball, location: 2F 0-1: Ball 1-1: Ball 2-1: Ball 3-1: Foul Ball, location: 2F 3-2: SINGLE (Groundball, 6MD)
|
Batting: RHB Clint Durham
|
0-0: Foul Ball, location: 2F 0-1: Ball 1-1: Called Strike 1-2: Foul Ball, location: 2F 1-2: Ball 2-2: Strikes out swinging
|
Bottom of the 8th over - 0 runs, 1 hit, 0 errors, 1 left on base; Iowa State 8 - Duke 4 |
TOP OF THE 9TH |
Iowa State Cyclones batting - Pitching for Duke Blue Devils : LHP Bob Hill
|
Pitching: RHP Bob Robinson
|
|
Batting: LHB Chris Samuels
|
0-0: Foul Ball, location: 2F 0-1: Ball 1-1: SINGLE (Flyball, 89M)
|
Batting: RHB Jimmy Stokes
|
0-0: Bunted foul 0-1: Ball 1-1: Ball 2-1: Sac Bunt - play at first, batter safe! Chris Samuels to second
|
Batting: SHB Oliver Miles
|
0-0: Called Strike 0-1: Called Strike 0-2: Strikes out looking
|
Batting: LHB Andrew Chambers
|
0-0: Ball 1-0: Ball 2-0: Fly out, F7 (Flyball, 78D)
|
Batting: LHB Marty Gómez
|
0-0: Fly out, F9 (Flyball, 89S)
|
Top of the 9th over - 0 runs, 2 hits, 0 errors, 2 left on base; Iowa State 8 - Duke 4 |
BOTTOM OF THE 9TH |
Duke Blue Devils batting - Pitching for Iowa State Cyclones : LHP Bob Wallace
|
Pitching: RHP Derrek Sánchez
|
|
Batting: RHB Bob Ferguson
|
0-0: Ball 1-0: SINGLE (Line Drive, 4MD)
|
Batting: RHB Deron McClendon
|
0-0: Swinging Strike 0-1: Ball 1-1: Ball 2-1: Ball 3-1: Called Strike 3-2: Base on Balls Bob Ferguson to second
|
Pitching: RHP Tom Thomas
|
|
Batting: SHB Álex Vega
|
0-0: Ball 1-0: Ball 2-0: Called Strike 2-1: Ball 3-1: Base on Balls Bob Ferguson to third Deron McClendon to second
|
Batting: RHB Marvin Bruce
|
0-0: Called Strike 0-1: Ball 1-1: DOUBLE (Line Drive, 89D) Bob Ferguson scores Deron McClendon scores Álex Vega to third
|
Pinch Hitting: RHB Nick Anderson
|
0-0: Called Strike 0-1: Foul Ball, location: 2F 0-2: Foul Ball, location: 2F 0-2: Ball 1-2: Ground out 4-3 (Groundball, 4MD)
|
Pinch Hitting: RHB Pedro Johns
|
0-0: SINGLE (Groundball, 56D) Álex Vega scores Marvin Bruce to third Runner from 3rd tries for Home, throw and OUT! Pedro Johns to second
|
Batting: RHB Curt Eastham
|
0-0: Fly out, F9 (Flyball, 9)
|
Bottom of the 9th over - 3 runs, 3 hits, 0 errors, 1 left on base; Iowa State 8 - Duke 7 |
|